Map: Deathaura LE

Players

ShaDoWn - Winner!

  • Race: Protoss Protoss
  • League: Master
  • Spawn Location: 11:00

Denver

  • Race: Zerg Zerg
  • League: Grandmaster
  • Spawn Location: 5:00

Event: DreamHack SC2 Masters 2020 Winter

VOD

Have the link to the VOD?

Description

Time

  • Played on: Oct. 28, 2020, 1:47 p.m.
  • Length: 16:11

All games in this series

Show
View Real Time Build Order
Export as new Build Order

ShaDoWn Protoss - Winner!

Build Orders: 1 Gate Expand, Oracle Opening 

Get SALT Encoding   

  12  0:00  Probe  
  13  0:12  Probe  
  14  0:18  Pylon  
  14  0:24  Probe (Chrono Boost)  
  15  0:36  Probe (Chrono Boost)  
  15  0:40  Gateway  
  16  0:45  Probe (Chrono Boost)  
  16  0:49  Assimilator  
  17  0:51  Probe  
  18  1:03  Probe  
  19  1:15  Probe  
  20  1:26  Nexus  
  20  1:36  Cybernetics Core  
  20  1:39  Probe  
  21  1:45  Assimilator  
  21  1:51  Probe  
  22  1:54  Pylon  
  22  2:03  Probe  
  23  2:10  Adept (Chrono Boost)  
  26  2:15  Probe  
  26  2:17  Stargate  
  26  2:27  Warp Gate, Probe (Chrono Boost)  
  27  2:32  Adept  
  29  2:38  Probe (Chrono Boost)  
  29  2:39  Probe (Chrono Boost)  
  31  2:48  Probe x2 (Chrono Boost)  
  33  2:52  Void Ray (Chrono Boost)  
  33  2:53  Probe (Chrono Boost)  
  33  2:54  Probe  
  35  3:04  Probe  
  40  3:06  Probe  
  40  3:08  Pylon  
  41  3:17  Probe  
  41  3:18  Probe  
  43  3:27  Oracle  
  43  3:29  Probe  
  43  3:30  Probe  
  48  3:41  Probe  
  49  3:42  Probe  
  49  3:43  Nexus  
  49  3:46  Pylon  
  50  3:53  Probe (Chrono Boost)  
  52  3:57  Assimilator  
  52  3:59  Assimilator, Probe (Chrono Boost)  
  53  4:04  Probe (Chrono Boost)  
  53  4:07  Shield Battery  
  53  4:08  Probe (Chrono Boost)  
  53  4:09  Pylon, Probe (Chrono Boost)  
  55  4:18  Probe  
  55  4:19  Probe  
  57  4:26  Stargate  
  57  4:27  Stargate  
  57  4:30  Probe  
  58  4:31  Probe  
  58  4:34  Pylon  
  58  4:37  Void Ray  
  58  4:38  Adept  
  61  4:43  Probe x2  
  67  4:47  Assimilator  
  67  4:49  Assimilator  
  67  4:55  Probe x2 (Chrono Boost)  
  67  4:56  Probe (Chrono Boost)  
  70  5:05  Probe x3 (Chrono Boost)  
  73  5:07  Void Ray (Chrono Boost)  
  73  5:10  Probe x2 (Chrono Boost)  
  73  5:13  Probe  
  79  5:16  Void Ray (Chrono Boost)  
  85  5:21  Probe, Void Ray (Chrono Boost)  
  85  5:22  Probe  
  85  5:23  Protoss Air Weapons Level 1  
  85  5:25  Probe  
  85  5:26  Pylon  
  91  5:33  Probe  
  91  5:34  Probe  
  93  5:37  Pylon  
  93  5:39  Pylon  
  93  5:44  Probe  
  93  5:45  Probe  
  93  5:46  Probe  
  93  5:49  Void Ray (Chrono Boost)  
  100  5:50  Forge, Twilight Council  
  100  5:55  Void Ray (Chrono Boost)  
  98  6:07  Probe  
  99  6:11  Gateway  
  99  6:12  Gateway  
  99  6:16  Oracle  
  99  6:17  Pylon  
  99  6:18  Protoss Ground Weapons Level 1 (Chrono Boost)  
  102  6:24  Gateway  
  102  6:26  Gateway  
  102  6:27  Robotics Facility  
  102  6:31  Charge  
  102  6:33  Gateway  
  102  6:39  Templar Archives  
  102  6:41  Gateway  
  102  6:50  Gateway  
  102  6:51  Gateway  
  102  6:52  Zealot  
  102  6:53  Gateway  
  104  6:56  Psionic Storm  
  104  6:58  Pylon  
  104  7:19  High Templar x3  
  104  7:20  Zealot  
  112  7:28  Pylon  
  112  7:29  Gateway  
  112  7:37  High Templar, Zealot x2, Immortal (Chrono Boost)  
  122  7:45  Pylon  
  122  7:53  High Templar x2, Zealot x2  
  122  7:56  Photon Cannon x2  
  130  8:05  Pylon  
  130  8:06  Probe  
  130  8:08  Warp Prism  
  130  8:09  Probe  
  133  8:14  Probe  
  133  8:18  Probe  
  135  8:20  Nexus  
  135  8:23  Pylon  
  135  8:27  Pylon  
  135  8:33  Fleet Beacon  
  135  8:40  Photon Cannon  
  135  8:41  Probe x3  
  138  8:44  Assimilator  
  138  8:46  Protoss Shields Level 1  
  138  8:47  Assimilator  
  138  8:50  Shield Battery  
  138  8:52  Photon Cannon  
  138  8:53  Photon Cannon, Probe, Void Ray x3  
  138  8:55  Photon Cannon  
  139  8:57  Photon Cannon  
  149  9:04  Stalker x3  
  153  9:11  Stalker  
  153  9:12  Stalker x3  
  153  9:14  Probe  
  162  9:18  Probe  
  163  9:25  Photon Cannon  
  163  9:28  Nexus  
  159  9:33  Zealot x4  
  165  9:42  Void Ray  
  165  9:45  Zealot x3  
  169  9:53  Zealot x2  
  169  9:55  Pylon  
  169  9:58  Flux Vanes, Pylon x2  
  165  10:05  Void Ray  
  161  10:14  Protoss Air Weapons Level 2 (Chrono Boost)  
  161  10:17  Probe x2  
  163  10:23  High Templar x3  
  163  10:24  High Templar  
  163  10:28  Archon  
  169  10:30  Void Ray x2 (Chrono Boost)  
  177  10:48  Photon Cannon  
  177  10:52  Carrier (Chrono Boost)  
  180  11:01  Zealot x6  
  192  11:07  Carrier (Chrono Boost), Oracle (Chrono Boost)  
  193  11:18  Zealot x4  
  193  11:32  Observer  
  194  11:34  High Templar  
  196  11:40  Archon  
  196  11:41  Pylon  
  196  11:43  Nexus  
  196  11:44  Archon  
  192  11:50  Pylon  
  192  11:52  Pylon  
  192  11:55  Photon Cannon  
  192  11:56  Zealot  
  192  11:57  Photon Cannon  
  194  12:08  Phoenix  
  198  12:11  Phoenix  
  192  12:21  Stalker x4  
  200  12:30  Stargate  
  200  12:31  Stargate  
  200  12:32  Stargate  
  200  12:35  Stargate  
  192  12:38  Stargate  
  192  12:39  Shield Battery, Stargate  
  192  12:40  Photon Cannon  
  192  12:42  Photon Cannon  
  190  12:48  Zealot x4, Stargate  
  191  12:55  High Templar x2  
  191  12:56  Zealot x2  
  198  13:01  Archon  
  198  13:07  Stalker  
  200  13:17  Phoenix (Chrono Boost)  
  181  13:31  Phoenix (Chrono Boost)  
  184  13:35  Zealot  
  184  13:37  Phoenix (Chrono Boost)  
  185  13:43  Phoenix (Chrono Boost)  
  173  14:02  Shield Battery  
  172  14:04  Photon Cannon x2  
  167  14:10  Phoenix x2 (Chrono Boost)  
  171  14:30  Phoenix x2 (Chrono Boost)  
  168  14:50  Phoenix  
  143  15:08  Phoenix  
  145  15:15  Phoenix  
  145  15:20  Probe  
  145  15:21  Zealot  
  145  15:22  Zealot x2  
  145  15:27  Probe  
  130  15:33  Phoenix (Chrono Boost)  
  114  15:43  Probe  
  114  15:47  Phoenix (Chrono Boost)  
  110  15:57  Probe  
  110  15:58  Probe x2  
  113  16:06  Stalker  
Show
View Real Time Build Order
Export as new Build Order

Denver Zerg 

Build Orders: Hatch First 

Get SALT Encoding   

  12  0:00  Drone  
  13  0:13  Overlord  
  13  0:17  Drone  
  14  0:31  Drone x2  
  16  0:49  Hatchery  
  15  0:52  Drone  
  15  0:55  Drone  
  17  0:59  Drone  
  18  1:10  Extractor  
  17  1:15  Spawning Pool  
  17  1:18  Drone  
  17  1:21  Drone  
  18  1:29  Drone  
  19  1:45  Drone  
  20  1:51  Overlord  
  20  2:03  Queen x2  
  20  2:04  Zergling x4  
  26  2:11  Metabolic Boost  
  26  2:13  Drone x2  
  28  2:23  Drone x2  
  30  2:37  Hatchery  
  30  2:42  Drone x2  
  31  2:46  Overlord  
  31  2:49  Drone  
  32  2:55  Queen  
  32  2:58  Drone  
  35  3:07  Drone x3  
  35  3:10  Drone x2  
  40  3:13  Overlord  
  40  3:19  Drone  
  42  3:20  Drone  
  42  3:22  Queen  
  44  3:27  Spore Crawler  
  44  3:28  Drone  
  44  3:32  Overlord  
  44  3:42  Overlord  
  44  3:48  Spore Crawler, Overlord  
  43  3:50  Drone x4  
  43  3:51  Drone  
  47  4:01  Drone, Spore Crawler  
  47  4:02  Drone x2  
  49  4:05  Queen  
  51  4:10  Drone  
  51  4:11  Drone x3  
  51  4:17  Drone x4  
  56  4:23  Roach Warren  
  57  4:24  Drone  
  57  4:27  Drone x2  
  60  4:31  Queen  
  60  4:37  Drone x3  
  65  4:41  Zergling x6  
  65  4:45  Lair  
  68  4:47  Overlord  
  68  4:51  Zergling x6  
  71  4:57  Overlord  
  71  4:58  Extractor  
  71  4:59  Extractor  
  69  5:01  Drone x3  
  72  5:08  Zergling x6  
  72  5:11  Overlord  
  72  5:13  Drone x2  
  77  5:14  Drone  
  78  5:22  Drone x7  
  78  5:26  Overlord  
  85  5:31  Drone  
  85  5:33  Spore Crawler, Extractor  
  85  5:34  Spore Crawler  
  82  5:36  Queen  
  82  5:37  Drone  
  82  5:38  Drone  
  82  5:41  Extractor x2  
  84  5:44  Drone x3  
  84  5:45  Spore Crawler  
  84  5:46  Drone x2, Spore Crawler, Hatchery  
  84  5:48  Drone  
  86  5:56  Drone x6  
  91  6:02  Spire  
  85  6:07  Drone x2, Spire  
  85  6:08  Drone x2  
  87  6:13  Evolution Chamber, Drone x2  
  87  6:17  Overseer  
  87  6:22  Glial Reconstitution  
  87  6:23  Overlord  
  87  6:24  Queen  
  89  6:29  Spore Crawler, Roach x2  
  89  6:30  Roach  
  89  6:31  Spore Crawler  
  93  6:34  Overlord  
  93  6:41  Roach  
  93  6:42  Roach x5  
  93  6:44  Zerg Missile Weapons Level 1  
  105  6:49  Overlord x2  
  105  6:50  Overlord  
  105  6:52  Overlord  
  105  7:06  Drone x4  
  109  7:15  Corruptor x6  
  111  7:20  Overlord  
  111  7:22  Roach x3  
  127  7:23  Roach  
  127  7:29  Corruptor  
  129  7:30  Corruptor  
  133  7:38  Corruptor x3  
  133  7:43  Extractor  
  138  7:44  Drone x3  
  138  7:45  Overlord  
  141  7:56  Corruptor x3  
  141  7:58  Overlord x2  
  147  8:04  Roach x4  
  155  8:11  Corruptor  
  157  8:15  Overlord  
  157  8:17  Roach x6  
  163  8:23  Corruptor  
  165  8:27  Overlord  
  165  8:30  Corruptor  
  165  8:32  Drone x3, Extractor  
  169  8:35  Roach x5  
  179  8:45  Corruptor  
  179  8:46  Corruptor  
  183  8:53  Ravager x2  
  183  8:54  Hatchery, Overlord  
  183  9:02  Zergling x2  
  183  9:03  Zergling x24  
  189  9:20  Corruptor x6  
  191  9:37  Zerg Missile Weapons Level 2  
  189  9:39  Drone x11  
  181  9:57  Drone x3  
  181  9:58  Drone x3  
  177  10:08  Zerg Flyer Weapons Level 1, Zerg Flyer Armor Level 1  
  177  10:15  Drone x3, Extractor x2  
  177  10:16  Drone x3  
  177  10:20  Baneling Nest  
  171  10:44  Zergling x40  
  188  10:51  Unknown  
  188  10:52  Hatchery  
  188  10:55  Unknown  
  172  11:17  Mutalisk x3  
  172  11:18  Mutalisk x16  
  198  11:30  Ravager  
  198  11:31  Ravager  
  186  12:15  Mutalisk x9  
  176  12:37  Mutalisk x13  
  176  12:43  Mutalisk x2  
  178  12:51  Zergling x2  
  178  12:52  Zergling x42  
  197  12:58  Zerg Flyer Weapons Level 2  
  197  12:59  Zerg Flyer Armor Level 2  
  190  13:09  Roach x6  
  177  13:29  Mutalisk  
  177  13:30  Mutalisk x5  
  184  13:39  Mutalisk x6  
  151  13:50  Mutalisk  
  151  13:51  Mutalisk x6  
  151  13:52  Overlord x2  
  151  13:53  Overlord x4  
  165  14:01  Overlord  
  151  14:04  Overlord  
  151  14:08  Overlord x2  
  141  14:14  Overlord x3  
  108  14:30  Mutalisk x8  
  122  14:36  Drone  
  122  14:37  Drone x2  
  122  14:38  Drone x2  
  80  15:12  Drone x3  
Tags
 
Add a new tag
Caveats
  • Supply blocks, unpowered buildings, or Contaminate may cause inaccurate times.
  • Supply counts are checked every 10 seconds.